%YAML 1.1
%TAG !u! tag:unity3d.com,2011:
--- !u!29 &1
OcclusionCullingSettings:
  m_ObjectHideFlags: 0
  serializedVersion: 2
  m_OcclusionBakeSettings:
    smallestOccluder: 5
    smallestHole: 0.25
    backfaceThreshold: 100
  m_SceneGUID: 00000000000000000000000000000000
  m_OcclusionCullingData: {fileID: 0}
--- !u!104 &2
RenderSettings:
  m_ObjectHideFlags: 0
  serializedVersion: 9
  m_Fog: 0
  m_FogColor: {r: 0.5, g: 0.5, b: 0.5, a: 1}
  m_FogMode: 3
  m_FogDensity: 0.01
  m_LinearFogStart: 0
  m_LinearFogEnd: 300
  m_AmbientSkyColor: {r: 1, g: 1, b: 1, a: 1}
  m_AmbientEquatorColor: {r: 0.114, g: 0.125, b: 0.133, a: 1}
  m_AmbientGroundColor: {r: 0.047, g: 0.043, b: 0.035, a: 1}
  m_AmbientIntensity: 1
  m_AmbientMode: 3
  m_SubtractiveShadowColor: {r: 0.42, g: 0.478, b: 0.627, a: 1}
  m_SkyboxMaterial: {fileID: 10304, guid: 0000000000000000f000000000000000, type: 0}
  m_HaloStrength: 0.5
  m_FlareStrength: 1
  m_FlareFadeSpeed: 3
  m_HaloTexture: {fileID: 0}
  m_SpotCookie: {fileID: 10001, guid: 0000000000000000e000000000000000, type: 0}
  m_DefaultReflectionMode: 0
  m_DefaultReflectionResolution: 128
  m_ReflectionBounces: 1
  m_ReflectionIntensity: 1
  m_CustomReflection: {fileID: 0}
  m_Sun: {fileID: 0}
  m_IndirectSpecularColor: {r: 0, g: 0, b: 0, a: 1}
  m_UseRadianceAmbientProbe: 0
--- !u!157 &3
LightmapSettings:
  m_ObjectHideFlags: 0
  serializedVersion: 11
  m_GIWorkflowMode: 1
  m_GISettings:
    serializedVersion: 2
    m_BounceScale: 1
    m_IndirectOutputScale: 1
    m_AlbedoBoost: 1
    m_EnvironmentLightingMode: 0
    m_EnableBakedLightmaps: 1
    m_EnableRealtimeLightmaps: 1
  m_LightmapEditorSettings:
    serializedVersion: 12
    m_Resolution: 2
    m_BakeResolution: 40
    m_AtlasSize: 1024
    m_AO: 0
    m_AOMaxDistance: 1
    m_CompAOExponent: 1
    m_CompAOExponentDirect: 0
    m_ExtractAmbientOcclusion: 0
    m_Padding: 2
    m_LightmapParameters: {fileID: 0}
    m_LightmapsBakeMode: 1
    m_TextureCompression: 1
    m_FinalGather: 0
    m_FinalGatherFiltering: 1
    m_FinalGatherRayCount: 256
    m_ReflectionCompression: 2
    m_MixedBakeMode: 2
    m_BakeBackend: 1
    m_PVRSampling: 1
    m_PVRDirectSampleCount: 32
    m_PVRSampleCount: 500
    m_PVRBounces: 2
    m_PVREnvironmentSampleCount: 500
    m_PVREnvironmentReferencePointCount: 2048
    m_PVRFilteringMode: 2
    m_PVRDenoiserTypeDirect: 0
    m_PVRDenoiserTypeIndirect: 0
    m_PVRDenoiserTypeAO: 0
    m_PVRFilterTypeDirect: 0
    m_PVRFilterTypeIndirect: 0
    m_PVRFilterTypeAO: 0
    m_PVREnvironmentMIS: 0
    m_PVRCulling: 1
    m_PVRFilteringGaussRadiusDirect: 1
    m_PVRFilteringGaussRadiusIndirect: 5
    m_PVRFilteringGaussRadiusAO: 2
    m_PVRFilteringAtrousPositionSigmaDirect: 0.5
    m_PVRFilteringAtrousPositionSigmaIndirect: 2
    m_PVRFilteringAtrousPositionSigmaAO: 1
    m_ExportTrainingData: 0
    m_TrainingDataDestination: TrainingData
    m_LightProbeSampleCountMultiplier: 4
  m_LightingDataAsset: {fileID: 0}
  m_UseShadowmask: 0
--- !u!196 &4
NavMeshSettings:
  serializedVersion: 2
  m_ObjectHideFlags: 0
  m_BuildSettings:
    serializedVersion: 2
    agentTypeID: 0
    agentRadius: 0.5
    agentHeight: 1.8
    agentSlope: 45
    agentClimb: 0.4
    ledgeDropHeight: 0
    maxJumpAcrossDistance: 0
    minRegionArea: 2
    manualCellSize: 0
    cellSize: 0.16666667
    manualTileSize: 0
    tileSize: 256
    accuratePlacement: 0
    debug:
      m_Flags: 0
  m_NavMeshData: {fileID: 0}
--- !u!4 &34099194 stripped
Transform:
  m_CorrespondingSourceObject: {fileID: 337925707305677044, guid: e9017939611b2dd43ad6873af0cde05e,
    type: 3}
  m_PrefabInstance: {fileID: 337925707338694414}
  m_PrefabAsset: {fileID: 0}
--- !u!114 &34099198 stripped
MonoBehaviour:
  m_CorrespondingSourceObject: {fileID: 4828299292494105315, guid: e9017939611b2dd43ad6873af0cde05e,
    type: 3}
  m_PrefabInstance: {fileID: 337925707338694414}
  m_PrefabAsset: {fileID: 0}
  m_GameObject: {fileID: 0}
  m_Enabled: 1
  m_EditorHideFlags: 0
  m_Script: {fileID: 11500000, guid: 90fa58b3583043d49b54fae539732da2, type: 3}
  m_Name: 
  m_EditorClassIdentifier: 
--- !u!114 &556383886 stripped
MonoBehaviour:
  m_CorrespondingSourceObject: {fileID: 3691075677272092126, guid: ad2fc6e51ad506548b19b5151a27efe5,
    type: 3}
  m_PrefabInstance: {fileID: 3691075676750386000}
  m_PrefabAsset: {fileID: 0}
  m_GameObject: {fileID: 0}
  m_Enabled: 1
  m_EditorHideFlags: 0
  m_Script: {fileID: 11500000, guid: 702d82fc8536e9747ba5e8d41f4a7207, type: 3}
  m_Name: 
  m_EditorClassIdentifier: 
--- !u!4 &556383887 stripped
Transform:
  m_CorrespondingSourceObject: {fileID: 3691075677272092127, guid: ad2fc6e51ad506548b19b5151a27efe5,
    type: 3}
  m_PrefabInstance: {fileID: 3691075676750386000}
  m_PrefabAsset: {fileID: 0}
--- !u!1 &684206938
GameObject:
  m_ObjectHideFlags: 0
  m_CorrespondingSourceObject: {fileID: 0}
  m_PrefabInstance: {fileID: 0}
  m_PrefabAsset: {fileID: 0}
  serializedVersion: 6
  m_Component:
  - component: {fileID: 684206939}
  - component: {fileID: 684206940}
  - component: {fileID: 684206941}
  - component: {fileID: 684206942}
  m_Layer: 0
  m_Name: Level
  m_TagString: Untagged
  m_Icon: {fileID: 0}
  m_NavMeshLayer: 0
  m_StaticEditorFlags: 0
  m_IsActive: 1
--- !u!4 &684206939
Transform:
  m_ObjectHideFlags: 0
  m_CorrespondingSourceObject: {fileID: 0}
  m_PrefabInstance: {fileID: 0}
  m_PrefabAsset: {fileID: 0}
  m_GameObject: {fileID: 684206938}
  m_LocalRotation: {x: 0, y: 0, z: 0, w: 1}
  m_LocalPosition: {x: 0, y: 0, z: 0}
  m_LocalScale: {x: 1, y: 1, z: 1}
  m_Children: []
  m_Father: {fileID: 0}
  m_RootOrder: 4
  m_LocalEulerAnglesHint: {x: 0, y: 0, z: 0}
--- !u!114 &684206940
MonoBehaviour:
  m_ObjectHideFlags: 0
  m_CorrespondingSourceObject: {fileID: 0}
  m_PrefabInstance: {fileID: 0}
  m_PrefabAsset: {fileID: 0}
  m_GameObject: {fileID: 684206938}
  m_Enabled: 1
  m_EditorHideFlags: 0
  m_Script: {fileID: 11500000, guid: 2bdbc3ebe6b97974bb0e8d11b32cfc8b, type: 3}
  m_Name: 
  m_EditorClassIdentifier: 
--- !u!114 &684206941
MonoBehaviour:
  m_ObjectHideFlags: 0
  m_CorrespondingSourceObject: {fileID: 0}
  m_PrefabInstance: {fileID: 0}
  m_PrefabAsset: {fileID: 0}
  m_GameObject: {fileID: 684206938}
  m_Enabled: 1
  m_EditorHideFlags: 0
  m_Script: {fileID: 11500000, guid: a1651e2e9aeea57449f2449126f8f395, type: 3}
  m_Name: 
  m_EditorClassIdentifier: 
--- !u!114 &684206942
MonoBehaviour:
  m_ObjectHideFlags: 0
  m_CorrespondingSourceObject: {fileID: 0}
  m_PrefabInstance: {fileID: 0}
  m_PrefabAsset: {fileID: 0}
  m_GameObject: {fileID: 684206938}
  m_Enabled: 1
  m_EditorHideFlags: 0
  m_Script: {fileID: 11500000, guid: 5f89c2a3d8b251e4d9068402241b56ee, type: 3}
  m_Name: 
  m_EditorClassIdentifier: 
--- !u!114 &735490252 stripped
MonoBehaviour:
  m_CorrespondingSourceObject: {fileID: 6660728419618426291, guid: 6ee4448fc89d212428e20c352b9bd735,
    type: 3}
  m_PrefabInstance: {fileID: 6660728419260710271}
  m_PrefabAsset: {fileID: 0}
  m_GameObject: {fileID: 0}
  m_Enabled: 1
  m_EditorHideFlags: 0
  m_Script: {fileID: 11500000, guid: b722f0cdb8bf1904d97bf4f5658c3e8c, type: 3}
  m_Name: 
  m_EditorClassIdentifier: 
--- !u!1 &1015045967
GameObject:
  m_ObjectHideFlags: 0
  m_CorrespondingSourceObject: {fileID: 0}
  m_PrefabInstance: {fileID: 0}
  m_PrefabAsset: {fileID: 0}
  serializedVersion: 6
  m_Component:
  - component: {fileID: 1015045969}
  - component: {fileID: 1015045968}
  m_Layer: 0
  m_Name: PPVolume
  m_TagString: Untagged
  m_Icon: {fileID: 0}
  m_NavMeshLayer: 0
  m_StaticEditorFlags: 0
  m_IsActive: 1
--- !u!114 &1015045968
MonoBehaviour:
  m_ObjectHideFlags: 0
  m_CorrespondingSourceObject: {fileID: 0}
  m_PrefabInstance: {fileID: 0}
  m_PrefabAsset: {fileID: 0}
  m_GameObject: {fileID: 1015045967}
  m_Enabled: 1
  m_EditorHideFlags: 0
  m_Script: {fileID: 11500000, guid: 172515602e62fb746b5d573b38a5fe58, type: 3}
  m_Name: 
  m_EditorClassIdentifier: 
  isGlobal: 1
  priority: 0
  blendDistance: 0
  weight: 1
  sharedProfile: {fileID: 11400000, guid: 95cb10631f8122a449c9ebb74eace9cd, type: 2}
--- !u!4 &1015045969
Transform:
  m_ObjectHideFlags: 0
  m_CorrespondingSourceObject: {fileID: 0}
  m_PrefabInstance: {fileID: 0}
  m_PrefabAsset: {fileID: 0}
  m_GameObject: {fileID: 1015045967}
  m_LocalRotation: {x: 0.3907311, y: -0, z: -0, w: 0.9205049}
  m_LocalPosition: {x: 0, y: 1000, z: -1000}
  m_LocalScale: {x: 1, y: 1, z: 1}
  m_Children: []
  m_Father: {fileID: 0}
  m_RootOrder: 6
  m_LocalEulerAnglesHint: {x: 0, y: 0, z: 0}
--- !u!114 &1046484747 stripped
MonoBehaviour:
  m_CorrespondingSourceObject: {fileID: 3560750891141087091, guid: fc7d7f19c23d2744a91857829114c720,
    type: 3}
  m_PrefabInstance: {fileID: 3560750891113818232}
  m_PrefabAsset: {fileID: 0}
  m_GameObject: {fileID: 0}
  m_Enabled: 1
  m_EditorHideFlags: 0
  m_Script: {fileID: 11500000, guid: c72e55ea0eeb0fc4484e22a1e45b82a1, type: 3}
  m_Name: 
  m_EditorClassIdentifier: 
--- !u!1 &1098502027
GameObject:
  m_ObjectHideFlags: 0
  m_CorrespondingSourceObject: {fileID: 0}
  m_PrefabInstance: {fileID: 0}
  m_PrefabAsset: {fileID: 0}
  serializedVersion: 6
  m_Component:
  - component: {fileID: 1098502029}
  - component: {fileID: 1098502028}
  m_Layer: 0
  m_Name: LocalNavMeshBuilder
  m_TagString: Untagged
  m_Icon: {fileID: 0}
  m_NavMeshLayer: 0
  m_StaticEditorFlags: 0
  m_IsActive: 1
--- !u!114 &1098502028
MonoBehaviour:
  m_ObjectHideFlags: 0
  m_CorrespondingSourceObject: {fileID: 0}
  m_PrefabInstance: {fileID: 0}
  m_PrefabAsset: {fileID: 0}
  m_GameObject: {fileID: 1098502027}
  m_Enabled: 1
  m_EditorHideFlags: 0
  m_Script: {fileID: 11500000, guid: 115dfe7b0938447cbbf9507076f54049, type: 3}
  m_Name: 
  m_EditorClassIdentifier: 
  m_Tracked: {fileID: 1098502029}
  m_Size: {x: 80, y: 20, z: 80}
--- !u!4 &1098502029
Transform:
  m_ObjectHideFlags: 0
  m_CorrespondingSourceObject: {fileID: 0}
  m_PrefabInstance: {fileID: 0}
  m_PrefabAsset: {fileID: 0}
  m_GameObject: {fileID: 1098502027}
  m_LocalRotation: {x: -0, y: -0, z: -0, w: 1}
  m_LocalPosition: {x: 0, y: 0, z: 0}
  m_LocalScale: {x: 1, y: 1, z: 1}
  m_Children: []
  m_Father: {fileID: 1933139776}
  m_RootOrder: 1
  m_LocalEulerAnglesHint: {x: 0, y: 0, z: 0}
--- !u!1 &1502790398
GameObject:
  m_ObjectHideFlags: 0
  m_CorrespondingSourceObject: {fileID: 0}
  m_PrefabInstance: {fileID: 0}
  m_PrefabAsset: {fileID: 0}
  serializedVersion: 6
  m_Component:
  - component: {fileID: 1502790399}
  - component: {fileID: 1502790400}
  - component: {fileID: 1502790401}
  - component: {fileID: 1502790402}
  m_Layer: 0
  m_Name: Actors
  m_TagString: Untagged
  m_Icon: {fileID: 0}
  m_NavMeshLayer: 0
  m_StaticEditorFlags: 0
  m_IsActive: 1
--- !u!4 &1502790399
Transform:
  m_ObjectHideFlags: 0
  m_CorrespondingSourceObject: {fileID: 0}
  m_PrefabInstance: {fileID: 0}
  m_PrefabAsset: {fileID: 0}
  m_GameObject: {fileID: 1502790398}
  m_LocalRotation: {x: 0, y: 0, z: 0, w: 1}
  m_LocalPosition: {x: 0, y: 0, z: 0}
  m_LocalScale: {x: 1, y: 1, z: 1}
  m_Children:
  - {fileID: 34099194}
  m_Father: {fileID: 0}
  m_RootOrder: 5
  m_LocalEulerAnglesHint: {x: 0, y: 0, z: 0}
--- !u!114 &1502790400
MonoBehaviour:
  m_ObjectHideFlags: 0
  m_CorrespondingSourceObject: {fileID: 0}
  m_PrefabInstance: {fileID: 0}
  m_PrefabAsset: {fileID: 0}
  m_GameObject: {fileID: 1502790398}
  m_Enabled: 1
  m_EditorHideFlags: 0
  m_Script: {fileID: 11500000, guid: f320d5d0c17a7e64ea14c0983473f18c, type: 3}
  m_Name: 
  m_EditorClassIdentifier: 
  CivilianPrefab: {fileID: 4216523233243373595, guid: 7d099b293c573b844945cae89551c178,
    type: 3}
  HostagePrefab: {fileID: 4688361305184113505, guid: f501289617199d043a78e402b8d17d11,
    type: 3}
--- !u!114 &1502790401
MonoBehaviour:
  m_ObjectHideFlags: 0
  m_CorrespondingSourceObject: {fileID: 0}
  m_PrefabInstance: {fileID: 0}
  m_PrefabAsset: {fileID: 0}
  m_GameObject: {fileID: 1502790398}
  m_Enabled: 1
  m_EditorHideFlags: 0
  m_Script: {fileID: 11500000, guid: ce5f7fd2a3789e24cbf0fc9c92d4c1bc, type: 3}
  m_Name: 
  m_EditorClassIdentifier: 
  ThugPrefab: {fileID: 6205427253738978702, guid: c69411adaa83fd942b337e451ade9e21,
    type: 3}
  BossPrefab: {fileID: 6205427253738978702, guid: dca6dd78ae5fca34796910c799f85374,
    type: 3}
  Weapons:
  - {fileID: 8003264369893179409, guid: 4d703966a6cb90c43bfe4eaa3f4ea43c, type: 3}
  - {fileID: 8003264369893179409, guid: 3d5004420834a794cac83372f80a9b27, type: 3}
  BossWeapons:
  - {fileID: 4099453366540186014, guid: 1285c57cd8db4b748850e2e63dc7b743, type: 3}
  - {fileID: 8003264369893179409, guid: 3d5004420834a794cac83372f80a9b27, type: 3}
  - {fileID: 8003264369893179409, guid: 3e8a561672f594743b6993e99ff87ce4, type: 3}
--- !u!114 &1502790402
MonoBehaviour:
  m_ObjectHideFlags: 0
  m_CorrespondingSourceObject: {fileID: 0}
  m_PrefabInstance: {fileID: 0}
  m_PrefabAsset: {fileID: 0}
  m_GameObject: {fileID: 1502790398}
  m_Enabled: 1
  m_EditorHideFlags: 0
  m_Script: {fileID: 11500000, guid: 422b5df053b9f444a851df4f3bdd2b79, type: 3}
  m_Name: 
  m_EditorClassIdentifier: 
  BombPrefab: {fileID: 6911024809243332131, guid: e0f43b3484b708640b9fe12c4783469e,
    type: 3}
--- !u!1 &1504548705
GameObject:
  m_ObjectHideFlags: 0
  m_CorrespondingSourceObject: {fileID: 0}
  m_PrefabInstance: {fileID: 0}
  m_PrefabAsset: {fileID: 0}
  serializedVersion: 6
  m_Component:
  - component: {fileID: 1504548708}
  - component: {fileID: 1504548707}
  - component: {fileID: 1504548706}
  m_Layer: 0
  m_Name: EventSystem
  m_TagString: Untagged
  m_Icon: {fileID: 0}
  m_NavMeshLayer: 0
  m_StaticEditorFlags: 0
  m_IsActive: 1
--- !u!114 &1504548706
MonoBehaviour:
  m_ObjectHideFlags: 0
  m_CorrespondingSourceObject: {fileID: 0}
  m_PrefabInstance: {fileID: 0}
  m_PrefabAsset: {fileID: 0}
  m_GameObject: {fileID: 1504548705}
  m_Enabled: 1
  m_EditorHideFlags: 0
  m_Script: {fileID: 11500000, guid: 4f231c4fb786f3946a6b90b886c48677, type: 3}
  m_Name: 
  m_EditorClassIdentifier: 
  m_HorizontalAxis: Horizontal
  m_VerticalAxis: Vertical
  m_SubmitButton: Submit
  m_CancelButton: Cancel
  m_InputActionsPerSecond: 10
  m_RepeatDelay: 0.5
  m_ForceModuleActive: 0
--- !u!114 &1504548707
MonoBehaviour:
  m_ObjectHideFlags: 0
  m_CorrespondingSourceObject: {fileID: 0}
  m_PrefabInstance: {fileID: 0}
  m_PrefabAsset: {fileID: 0}
  m_GameObject: {fileID: 1504548705}
  m_Enabled: 1
  m_EditorHideFlags: 0
  m_Script: {fileID: 11500000, guid: 76c392e42b5098c458856cdf6ecaaaa1, type: 3}
  m_Name: 
  m_EditorClassIdentifier: 
  m_FirstSelected: {fileID: 0}
  m_sendNavigationEvents: 1
  m_DragThreshold: 10
--- !u!4 &1504548708
Transform:
  m_ObjectHideFlags: 0
  m_CorrespondingSourceObject: {fileID: 0}
  m_PrefabInstance: {fileID: 0}
  m_PrefabAsset: {fileID: 0}
  m_GameObject: {fileID: 1504548705}
  m_LocalRotation: {x: 0, y: 0, z: 0, w: 1}
  m_LocalPosition: {x: 0, y: 0, z: 0}
  m_LocalScale: {x: 1, y: 1, z: 1}
  m_Children: []
  m_Father: {fileID: 0}
  m_RootOrder: 3
  m_LocalEulerAnglesHint: {x: 0, y: 0, z: 0}
--- !u!1 &1856895755
GameObject:
  m_ObjectHideFlags: 0
  m_CorrespondingSourceObject: {fileID: 0}
  m_PrefabInstance: {fileID: 0}
  m_PrefabAsset: {fileID: 0}
  serializedVersion: 6
  m_Component:
  - component: {fileID: 1856895757}
  - component: {fileID: 1856895756}
  m_Layer: 0
  m_Name: LevelGenerator
  m_TagString: Untagged
  m_Icon: {fileID: 0}
  m_NavMeshLayer: 0
  m_StaticEditorFlags: 0
  m_IsActive: 1
--- !u!114 &1856895756
MonoBehaviour:
  m_ObjectHideFlags: 0
  m_CorrespondingSourceObject: {fileID: 0}
  m_PrefabInstance: {fileID: 0}
  m_PrefabAsset: {fileID: 0}
  m_GameObject: {fileID: 1856895755}
  m_Enabled: 1
  m_EditorHideFlags: 0
  m_Script: {fileID: 11500000, guid: 6626a6e366a9c48a48525cde4050d0b3, type: 3}
  m_Name: 
  m_EditorClassIdentifier: 
  Seed: 0
  SectionContainer: {fileID: 684206939}
  MaxLevelSize: 20
  MaxAllowedOrder: 5
  Sections:
  - {fileID: 4118693166111607377, guid: 8f9977a2b2076c84a8148d89319c1eb1, type: 3}
  - {fileID: 4118693166111607377, guid: adf483739b7a938428a831182b004cd4, type: 3}
  - {fileID: 4118693166111607377, guid: 2e04a153aeac1b64ea1826ed3a186d3e, type: 3}
  - {fileID: 4118693166111607377, guid: 1c1a8cc07a243de45bc5b79904d296dc, type: 3}
  DeadEnds:
  - {fileID: 8226966295717193457, guid: 4927d064351b9494ca3d864df5ea9790, type: 3}
  InitialSectionTags:
  - main
  SpecialRules:
  - Tag: elevator
    MinAmount: 1
    MaxAmount: 1
--- !u!4 &1856895757
Transform:
  m_ObjectHideFlags: 0
  m_CorrespondingSourceObject: {fileID: 0}
  m_PrefabInstance: {fileID: 0}
  m_PrefabAsset: {fileID: 0}
  m_GameObject: {fileID: 1856895755}
  m_LocalRotation: {x: -0, y: -0, z: -0, w: 1}
  m_LocalPosition: {x: 0, y: 0, z: 0}
  m_LocalScale: {x: 1, y: 1, z: 1}
  m_Children: []
  m_Father: {fileID: 1933139776}
  m_RootOrder: 0
  m_LocalEulerAnglesHint: {x: 0, y: 0, z: 0}
--- !u!1 &1933139774
GameObject:
  m_ObjectHideFlags: 0
  m_CorrespondingSourceObject: {fileID: 0}
  m_PrefabInstance: {fileID: 0}
  m_PrefabAsset: {fileID: 0}
  serializedVersion: 6
  m_Component:
  - component: {fileID: 1933139776}
  - component: {fileID: 1933139775}
  m_Layer: 0
  m_Name: LevelDirector
  m_TagString: Untagged
  m_Icon: {fileID: 0}
  m_NavMeshLayer: 0
  m_StaticEditorFlags: 0
  m_IsActive: 1
--- !u!114 &1933139775
MonoBehaviour:
  m_ObjectHideFlags: 0
  m_CorrespondingSourceObject: {fileID: 0}
  m_PrefabInstance: {fileID: 0}
  m_PrefabAsset: {fileID: 0}
  m_GameObject: {fileID: 1933139774}
  m_Enabled: 1
  m_EditorHideFlags: 0
  m_Script: {fileID: 11500000, guid: bcc28db69c6dca3438882c6446db422c, type: 3}
  m_Name: 
  m_EditorClassIdentifier: 
  Generator: {fileID: 1856895756}
  Player: {fileID: 1046484747}
  CivilianDirector: {fileID: 1502790400}
  CriminalDirector: {fileID: 1502790401}
  BombDirector: {fileID: 1502790402}
  CoverSpots: {fileID: 684206940}
  NavPoints: {fileID: 684206941}
  SpawnPoints: {fileID: 684206942}
  HUD: {fileID: 735490252}
--- !u!4 &1933139776
Transform:
  m_ObjectHideFlags: 0
  m_CorrespondingSourceObject: {fileID: 0}
  m_PrefabInstance: {fileID: 0}
  m_PrefabAsset: {fileID: 0}
  m_GameObject: {fileID: 1933139774}
  m_LocalRotation: {x: 0, y: 0, z: 0, w: 1}
  m_LocalPosition: {x: 0, y: 0, z: 0}
  m_LocalScale: {x: 1, y: 1, z: 1}
  m_Children:
  - {fileID: 1856895757}
  - {fileID: 1098502029}
  - {fileID: 556383887}
  m_Father: {fileID: 0}
  m_RootOrder: 0
  m_LocalEulerAnglesHint: {x: 0, y: 0, z: 0}
--- !u!1001 &337925707338694414
PrefabInstance:
  m_ObjectHideFlags: 0
  serializedVersion: 2
  m_Modification:
    m_TransformParent: {fileID: 1502790399}
    m_Modifications:
    - target: {fileID: 337925707305677044, guid: e9017939611b2dd43ad6873af0cde05e,
        type: 3}
      propertyPath: m_LocalPosition.x
      value: 0
      objectReference: {fileID: 0}
    - target: {fileID: 337925707305677044, guid: e9017939611b2dd43ad6873af0cde05e,
        type: 3}
      propertyPath: m_LocalPosition.y
      value: 0
      objectReference: {fileID: 0}
    - target: {fileID: 337925707305677044, guid: e9017939611b2dd43ad6873af0cde05e,
        type: 3}
      propertyPath: m_LocalPosition.z
      value: 0
      objectReference: {fileID: 0}
    - target: {fileID: 337925707305677044, guid: e9017939611b2dd43ad6873af0cde05e,
        type: 3}
      propertyPath: m_LocalRotation.x
      value: -0
      objectReference: {fileID: 0}
    - target: {fileID: 337925707305677044, guid: e9017939611b2dd43ad6873af0cde05e,
        type: 3}
      propertyPath: m_LocalRotation.y
      value: -0
      objectReference: {fileID: 0}
    - target: {fileID: 337925707305677044, guid: e9017939611b2dd43ad6873af0cde05e,
        type: 3}
      propertyPath: m_LocalRotation.z
      value: -0
      objectReference: {fileID: 0}
    - target: {fileID: 337925707305677044, guid: e9017939611b2dd43ad6873af0cde05e,
        type: 3}
      propertyPath: m_LocalRotation.w
      value: 1
      objectReference: {fileID: 0}
    - target: {fileID: 337925707305677044, guid: e9017939611b2dd43ad6873af0cde05e,
        type: 3}
      propertyPath: m_RootOrder
      value: 0
      objectReference: {fileID: 0}
    - target: {fileID: 337925707305677044, guid: e9017939611b2dd43ad6873af0cde05e,
        type: 3}
      propertyPath: m_LocalEulerAnglesHint.x
      value: 0
      objectReference: {fileID: 0}
    - target: {fileID: 337925707305677044, guid: e9017939611b2dd43ad6873af0cde05e,
        type: 3}
      propertyPath: m_LocalEulerAnglesHint.y
      value: 0
      objectReference: {fileID: 0}
    - target: {fileID: 337925707305677044, guid: e9017939611b2dd43ad6873af0cde05e,
        type: 3}
      propertyPath: m_LocalEulerAnglesHint.z
      value: 0
      objectReference: {fileID: 0}
    - target: {fileID: 337925707305677047, guid: e9017939611b2dd43ad6873af0cde05e,
        type: 3}
      propertyPath: m_Name
      value: Character
      objectReference: {fileID: 0}
    - target: {fileID: 337925707328306865, guid: e9017939611b2dd43ad6873af0cde05e,
        type: 3}
      propertyPath: m_Enabled
      value: 1
      objectReference: {fileID: 0}
    m_RemovedComponents: []
  m_SourcePrefab: {fileID: 100100000, guid: e9017939611b2dd43ad6873af0cde05e, type: 3}
--- !u!1001 &3560750891113818232
PrefabInstance:
  m_ObjectHideFlags: 0
  serializedVersion: 2
  m_Modification:
    m_TransformParent: {fileID: 0}
    m_Modifications:
    - target: {fileID: 3560750891141087088, guid: fc7d7f19c23d2744a91857829114c720,
        type: 3}
      propertyPath: m_Name
      value: Player
      objectReference: {fileID: 0}
    - target: {fileID: 3560750891141087089, guid: fc7d7f19c23d2744a91857829114c720,
        type: 3}
      propertyPath: m_LocalPosition.x
      value: 0
      objectReference: {fileID: 0}
    - target: {fileID: 3560750891141087089, guid: fc7d7f19c23d2744a91857829114c720,
        type: 3}
      propertyPath: m_LocalPosition.y
      value: 0
      objectReference: {fileID: 0}
    - target: {fileID: 3560750891141087089, guid: fc7d7f19c23d2744a91857829114c720,
        type: 3}
      propertyPath: m_LocalPosition.z
      value: 0
      objectReference: {fileID: 0}
    - target: {fileID: 3560750891141087089, guid: fc7d7f19c23d2744a91857829114c720,
        type: 3}
      propertyPath: m_LocalRotation.x
      value: 0
      objectReference: {fileID: 0}
    - target: {fileID: 3560750891141087089, guid: fc7d7f19c23d2744a91857829114c720,
        type: 3}
      propertyPath: m_LocalRotation.y
      value: 0
      objectReference: {fileID: 0}
    - target: {fileID: 3560750891141087089, guid: fc7d7f19c23d2744a91857829114c720,
        type: 3}
      propertyPath: m_LocalRotation.z
      value: 0
      objectReference: {fileID: 0}
    - target: {fileID: 3560750891141087089, guid: fc7d7f19c23d2744a91857829114c720,
        type: 3}
      propertyPath: m_LocalRotation.w
      value: 1
      objectReference: {fileID: 0}
    - target: {fileID: 3560750891141087089, guid: fc7d7f19c23d2744a91857829114c720,
        type: 3}
      propertyPath: m_RootOrder
      value: 1
      objectReference: {fileID: 0}
    - target: {fileID: 3560750891141087089, guid: fc7d7f19c23d2744a91857829114c720,
        type: 3}
      propertyPath: m_LocalEulerAnglesHint.x
      value: 0
      objectReference: {fileID: 0}
    - target: {fileID: 3560750891141087089, guid: fc7d7f19c23d2744a91857829114c720,
        type: 3}
      propertyPath: m_LocalEulerAnglesHint.y
      value: 0
      objectReference: {fileID: 0}
    - target: {fileID: 3560750891141087089, guid: fc7d7f19c23d2744a91857829114c720,
        type: 3}
      propertyPath: m_LocalEulerAnglesHint.z
      value: 0
      objectReference: {fileID: 0}
    - target: {fileID: 3560750891141087091, guid: fc7d7f19c23d2744a91857829114c720,
        type: 3}
      propertyPath: HUD
      value: 
      objectReference: {fileID: 735490252}
    - target: {fileID: 3560750891141087091, guid: fc7d7f19c23d2744a91857829114c720,
        type: 3}
      propertyPath: Character
      value: 
      objectReference: {fileID: 34099198}
    - target: {fileID: 3560750891141087091, guid: fc7d7f19c23d2744a91857829114c720,
        type: 3}
      propertyPath: WeaponFactory
      value: 
      objectReference: {fileID: 556383886}
    m_RemovedComponents: []
  m_SourcePrefab: {fileID: 100100000, guid: fc7d7f19c23d2744a91857829114c720, type: 3}
--- !u!1001 &3691075676750386000
PrefabInstance:
  m_ObjectHideFlags: 0
  serializedVersion: 2
  m_Modification:
    m_TransformParent: {fileID: 1933139776}
    m_Modifications:
    - target: {fileID: 3691075677272092125, guid: ad2fc6e51ad506548b19b5151a27efe5,
        type: 3}
      propertyPath: m_Name
      value: WeaponFactory
      objectReference: {fileID: 0}
    - target: {fileID: 3691075677272092127, guid: ad2fc6e51ad506548b19b5151a27efe5,
        type: 3}
      propertyPath: m_LocalPosition.x
      value: 0
      objectReference: {fileID: 0}
    - target: {fileID: 3691075677272092127, guid: ad2fc6e51ad506548b19b5151a27efe5,
        type: 3}
      propertyPath: m_LocalPosition.y
      value: 0
      objectReference: {fileID: 0}
    - target: {fileID: 3691075677272092127, guid: ad2fc6e51ad506548b19b5151a27efe5,
        type: 3}
      propertyPath: m_LocalPosition.z
      value: 0
      objectReference: {fileID: 0}
    - target: {fileID: 3691075677272092127, guid: ad2fc6e51ad506548b19b5151a27efe5,
        type: 3}
      propertyPath: m_LocalRotation.x
      value: 0
      objectReference: {fileID: 0}
    - target: {fileID: 3691075677272092127, guid: ad2fc6e51ad506548b19b5151a27efe5,
        type: 3}
      propertyPath: m_LocalRotation.y
      value: 0
      objectReference: {fileID: 0}
    - target: {fileID: 3691075677272092127, guid: ad2fc6e51ad506548b19b5151a27efe5,
        type: 3}
      propertyPath: m_LocalRotation.z
      value: 0
      objectReference: {fileID: 0}
    - target: {fileID: 3691075677272092127, guid: ad2fc6e51ad506548b19b5151a27efe5,
        type: 3}
      propertyPath: m_LocalRotation.w
      value: 1
      objectReference: {fileID: 0}
    - target: {fileID: 3691075677272092127, guid: ad2fc6e51ad506548b19b5151a27efe5,
        type: 3}
      propertyPath: m_RootOrder
      value: 2
      objectReference: {fileID: 0}
    - target: {fileID: 3691075677272092127, guid: ad2fc6e51ad506548b19b5151a27efe5,
        type: 3}
      propertyPath: m_LocalEulerAnglesHint.x
      value: 0
      objectReference: {fileID: 0}
    - target: {fileID: 3691075677272092127, guid: ad2fc6e51ad506548b19b5151a27efe5,
        type: 3}
      propertyPath: m_LocalEulerAnglesHint.y
      value: 0
      objectReference: {fileID: 0}
    - target: {fileID: 3691075677272092127, guid: ad2fc6e51ad506548b19b5151a27efe5,
        type: 3}
      propertyPath: m_LocalEulerAnglesHint.z
      value: 0
      objectReference: {fileID: 0}
    m_RemovedComponents: []
  m_SourcePrefab: {fileID: 100100000, guid: ad2fc6e51ad506548b19b5151a27efe5, type: 3}
--- !u!1001 &6660728419260710271
PrefabInstance:
  m_ObjectHideFlags: 0
  serializedVersion: 2
  m_Modification:
    m_TransformParent: {fileID: 0}
    m_Modifications:
    - target: {fileID: 6660728419564128797, guid: 6ee4448fc89d212428e20c352b9bd735,
        type: 3}
      propertyPath: m_AnchorMin.y
      value: 0
      objectReference: {fileID: 0}
    - target: {fileID: 6660728419564128797, guid: 6ee4448fc89d212428e20c352b9bd735,
        type: 3}
      propertyPath: m_AnchorMax.y
      value: 0
      objectReference: {fileID: 0}
    - target: {fileID: 6660728419564128797, guid: 6ee4448fc89d212428e20c352b9bd735,
        type: 3}
      propertyPath: m_AnchoredPosition.x
      value: 0
      objectReference: {fileID: 0}
    - target: {fileID: 6660728419564128797, guid: 6ee4448fc89d212428e20c352b9bd735,
        type: 3}
      propertyPath: m_AnchoredPosition.y
      value: 0
      objectReference: {fileID: 0}
    - target: {fileID: 6660728419564128797, guid: 6ee4448fc89d212428e20c352b9bd735,
        type: 3}
      propertyPath: m_SizeDelta.x
      value: 0
      objectReference: {fileID: 0}
    - target: {fileID: 6660728419564128797, guid: 6ee4448fc89d212428e20c352b9bd735,
        type: 3}
      propertyPath: m_SizeDelta.y
      value: 0
      objectReference: {fileID: 0}
    - target: {fileID: 6660728419941073068, guid: 6ee4448fc89d212428e20c352b9bd735,
        type: 3}
      propertyPath: m_IsActive
      value: 0
      objectReference: {fileID: 0}
    - target: {fileID: 6660728420676256134, guid: 6ee4448fc89d212428e20c352b9bd735,
        type: 3}
      propertyPath: m_LocalPosition.x
      value: 0
      objectReference: {fileID: 0}
    - target: {fileID: 6660728420676256134, guid: 6ee4448fc89d212428e20c352b9bd735,
        type: 3}
      propertyPath: m_LocalPosition.y
      value: 0
      objectReference: {fileID: 0}
    - target: {fileID: 6660728420676256134, guid: 6ee4448fc89d212428e20c352b9bd735,
        type: 3}
      propertyPath: m_LocalPosition.z
      value: 0
      objectReference: {fileID: 0}
    - target: {fileID: 6660728420676256134, guid: 6ee4448fc89d212428e20c352b9bd735,
        type: 3}
      propertyPath: m_LocalRotation.x
      value: 0
      objectReference: {fileID: 0}
    - target: {fileID: 6660728420676256134, guid: 6ee4448fc89d212428e20c352b9bd735,
        type: 3}
      propertyPath: m_LocalRotation.y
      value: 0
      objectReference: {fileID: 0}
    - target: {fileID: 6660728420676256134, guid: 6ee4448fc89d212428e20c352b9bd735,
        type: 3}
      propertyPath: m_LocalRotation.z
      value: 0
      objectReference: {fileID: 0}
    - target: {fileID: 6660728420676256134, guid: 6ee4448fc89d212428e20c352b9bd735,
        type: 3}
      propertyPath: m_LocalRotation.w
      value: 1
      objectReference: {fileID: 0}
    - target: {fileID: 6660728420676256134, guid: 6ee4448fc89d212428e20c352b9bd735,
        type: 3}
      propertyPath: m_RootOrder
      value: 2
      objectReference: {fileID: 0}
    - target: {fileID: 6660728420676256134, guid: 6ee4448fc89d212428e20c352b9bd735,
        type: 3}
      propertyPath: m_LocalEulerAnglesHint.x
      value: 0
      objectReference: {fileID: 0}
    - target: {fileID: 6660728420676256134, guid: 6ee4448fc89d212428e20c352b9bd735,
        type: 3}
      propertyPath: m_LocalEulerAnglesHint.y
      value: 0
      objectReference: {fileID: 0}
    - target: {fileID: 6660728420676256134, guid: 6ee4448fc89d212428e20c352b9bd735,
        type: 3}
      propertyPath: m_LocalEulerAnglesHint.z
      value: 0
      objectReference: {fileID: 0}
    - target: {fileID: 6660728420676256134, guid: 6ee4448fc89d212428e20c352b9bd735,
        type: 3}
      propertyPath: m_AnchoredPosition.x
      value: 0
      objectReference: {fileID: 0}
    - target: {fileID: 6660728420676256134, guid: 6ee4448fc89d212428e20c352b9bd735,
        type: 3}
      propertyPath: m_AnchoredPosition.y
      value: 0
      objectReference: {fileID: 0}
    - target: {fileID: 6660728420676256134, guid: 6ee4448fc89d212428e20c352b9bd735,
        type: 3}
      propertyPath: m_SizeDelta.x
      value: 0
      objectReference: {fileID: 0}
    - target: {fileID: 6660728420676256134, guid: 6ee4448fc89d212428e20c352b9bd735,
        type: 3}
      propertyPath: m_SizeDelta.y
      value: 0
      objectReference: {fileID: 0}
    - target: {fileID: 6660728420676256134, guid: 6ee4448fc89d212428e20c352b9bd735,
        type: 3}
      propertyPath: m_AnchorMin.x
      value: 0
      objectReference: {fileID: 0}
    - target: {fileID: 6660728420676256134, guid: 6ee4448fc89d212428e20c352b9bd735,
        type: 3}
      propertyPath: m_AnchorMin.y
      value: 0
      objectReference: {fileID: 0}
    - target: {fileID: 6660728420676256134, guid: 6ee4448fc89d212428e20c352b9bd735,
        type: 3}
      propertyPath: m_AnchorMax.x
      value: 0
      objectReference: {fileID: 0}
    - target: {fileID: 6660728420676256134, guid: 6ee4448fc89d212428e20c352b9bd735,
        type: 3}
      propertyPath: m_AnchorMax.y
      value: 0
      objectReference: {fileID: 0}
    - target: {fileID: 6660728420676256134, guid: 6ee4448fc89d212428e20c352b9bd735,
        type: 3}
      propertyPath: m_Pivot.x
      value: 0
      objectReference: {fileID: 0}
    - target: {fileID: 6660728420676256134, guid: 6ee4448fc89d212428e20c352b9bd735,
        type: 3}
      propertyPath: m_Pivot.y
      value: 0
      objectReference: {fileID: 0}
    - target: {fileID: 6660728420676256138, guid: 6ee4448fc89d212428e20c352b9bd735,
        type: 3}
      propertyPath: m_Name
      value: UI
      objectReference: {fileID: 0}
    - target: {fileID: 6660728420998797648, guid: 6ee4448fc89d212428e20c352b9bd735,
        type: 3}
      propertyPath: m_AnchorMin.y
      value: 0
      objectReference: {fileID: 0}
    - target: {fileID: 6660728420998797648, guid: 6ee4448fc89d212428e20c352b9bd735,
        type: 3}
      propertyPath: m_AnchorMax.y
      value: 0
      objectReference: {fileID: 0}
    - target: {fileID: 6660728420998797648, guid: 6ee4448fc89d212428e20c352b9bd735,
        type: 3}
      propertyPath: m_AnchoredPosition.x
      value: 0
      objectReference: {fileID: 0}
    - target: {fileID: 6660728420998797648, guid: 6ee4448fc89d212428e20c352b9bd735,
        type: 3}
      propertyPath: m_AnchoredPosition.y
      value: 0
      objectReference: {fileID: 0}
    - target: {fileID: 6660728420998797648, guid: 6ee4448fc89d212428e20c352b9bd735,
        type: 3}
      propertyPath: m_SizeDelta.x
      value: 0
      objectReference: {fileID: 0}
    - target: {fileID: 6660728420998797648, guid: 6ee4448fc89d212428e20c352b9bd735,
        type: 3}
      propertyPath: m_SizeDelta.y
      value: 0
      objectReference: {fileID: 0}
    m_RemovedComponents: []
  m_SourcePrefab: {fileID: 100100000, guid: 6ee4448fc89d212428e20c352b9bd735, type: 3}
